 Dungeon Crawl Stone Soup version 0.31-a0-632-g766dd24fdf (webtiles) character file.

Game seed: 11442430861561572239

18557 ytrimaz the Mimic (level 12, -2/76 HPs)
             Began as a Demonspawn Shapeshifter on Aug 25, 2023.
             Was a High Priest of Okawaru.
             Slain by an ogre
             ... wielding a +0 giant spiked club
              (37 damage)
             ... on level 1 of the Orcish Mines.
             The game lasted 00:13:51 (10597 turns).

ytrimaz the Mimic (Demonspawn Shapeshifter)        Turns: 10597, Time: 00:13:51

Health: -2/76      AC:  8    Str: 16    XL:     12   Next: 28%
Magic:  12/17      EV: 21    Int:  9    God:    Okawaru [*****.]
Gold:   546        SH:  0    Dex: 19    Spells: 11/11 levels left

rFire   . .          .
                       - Unarmed
rCold   + . .        (no shield)
rNeg    + . .        s - +0 robe of Dishonesty {rN+ SInv Archmagi}
rPois   .            (helmet currently unavailable)
rElec   .            (cloak currently unavailable)
rCorr   .            (gloves currently unavailable)
SInv    +            (boots currently unavailable)
Will    .....        F - amulet of regeneration
Stlth   +++          P - ring of protection from cold
HPRegen 1.12/turn    z - +4 ring of protection
MPRegen 0.15/turn

%: archmagi
@: beast-form, heroic, finesse-ful, slowed, very slow
A: beast (slay +4), spiny 2, sharp scales 2, demonic touch 2
a: Begin Untransformation, Renounce Religion, Heroism, Finesse, Duel


You were on level 1 of the Orcish Mines.
You worshipped Okawaru.
Okawaru was extremely pleased with you.
You were a hulking beast.
You visited 3 branches of the dungeon, and saw 14 of its levels.

You collected 656 gold pieces.
You spent 110 gold pieces at shops.


Innate Abilities, Weirdness & Mutations

You are a hulking beast.
Your limbs bulge with bestial killing power. (Slay +4)
You are mostly covered in sharp spines.
You are mostly covered in razor-sharp scales. (AC +2, Slay +2)
Your touch may inflict irresistible damage on your foes.


   Skills:
 - Level 1.0(6.0) Fighting
 + Level 8.6(13.6) Dodging
 - Level 10.0(15.0) Unarmed Combat
 - Level 7.0 Invocations
 + Level 12.3 Shapeshifting


You had 11 spell levels left.
You didn't know any spells.
Your spell library contained the following spells:

 Spells                   Type           Power      Damage    Failure   Level
 Lesser Beckoning         Tloc           0%         N/A       52%         2
 Gell's Gravitas          Tloc           0%         N/A       77%         3
 Ozocubu's Armour         Ice            0%         N/A       77%         3
 Teleport Other           Tloc           0%         N/A       77%         3
 Alistair's Intoxication  Tmut/Pois      0%         N/A       100%        5
 Borgnjor's Vile Clutch   Necr/Erth      0%         N/A       100%        5
 Eringya's Noxious Bog    Tmut/Pois      0%         4d6       100%        6
 Ozocubu's Refrigeration  Ice            0%         4d7       100%        7

Inventory:

Missiles
 f - a throwing net
Armour
 s - the +0 robe of Dishonesty (worn) {rN+ SInv Archmagi}
   (You found it on level 2 of the Dungeon)

   rN+:       It protects you from negative energy.
   SInv:      It lets you see invisible.
   Archmagi:  It increases the power of your magical spells.
 L - the +1 scale mail of the Great Game {rElec Str+3}
   (Okawaru gifted it to you on level 11 of the Dungeon)

   Str+3:     It affects your strength (+3).
   rElec:     It insulates you from electricity.
 N - the +0 pair of boots of Courage {+Blink Dex+3}
   (You found it on level 11 of the Dungeon)

   Dex+3:     It affects your dexterity (+3).
   +Blink:    It lets you blink.
Jewellery
 o - an amulet of reflection
   (You found it on level 2 of the Dungeon)
 r - an amulet of the acrobat
   (You found it on level 2 of the Dungeon)
 t - a ring of flight
   (You found it on level 2 of the Dungeon)
 z - a +4 ring of protection (right hand)
   (You found it on level 5 of the Dungeon)
 F - an amulet of regeneration (around neck)
   (You found it on level 7 of the Dungeon)
 M - a +6 ring of intelligence
   (You found it on level 11 of the Dungeon)
 P - a ring of protection from cold (left hand)
   (You found it on level 11 of the Dungeon)
 Q - an amulet of magic regeneration
   (You found it on level 12 of the Dungeon)
Talismans
 c - a beast talisman (active)
 d - a flux talisman
Wands
 I - a wand of flame (42)
   (You took it off an orc on level 8 of the Dungeon)
 J - a wand of mindburst (12) (quivered)
   (You found it on level 8 of the Dungeon)
 O - a wand of light (4)
   (You found it on level 11 of the Dungeon)
 R - a wand of iceblast (11)
   (You found it on level 12 of the Dungeon)
Scrolls
 e - a scroll of poison
 g - 2 scrolls of enchant weapon
 i - 3 scrolls of enchant armour
 j - a scroll of fear
 l - 2 scrolls of silence
 n - 2 scrolls of teleportation
 p - a scroll of revelation
 q - a scroll of fog {unknown}
 u - a scroll of acquirement {unknown}
 v - a scroll of butterflies {unknown}
 y - 4 scrolls of blinking
 A - a scroll of immolation {unknown}
 C - 3 scrolls of noise {unknown}
 E - a scroll of vulnerability {unknown}
 S - 3 scrolls of identify
 V - a scroll of amnesia {unknown}
Potions
 a - 2 potions of heal wounds
 b - 3 potions of lignification
 h - 7 potions of curing
 k - a potion of mutation {unknown}
 m - 2 potions of attraction {unknown}
 w - 2 potions of might {unknown}
 x - a potion of invisibility {unknown}
 B - a potion of haste {unknown}
 D - 2 potions of enlightenment {unknown}
 G - 2 potions of cancellation {unknown}
 H - a potion of berserk rage {unknown}
 K - a potion of degeneration {unknown}
 T - a potion of magic {unknown}
 U - a potion of resistance {unknown}

Dungeon Overview and Level Annotations

Branches:
Dungeon (12/15) Zot: 26149  Temple (1/1) D:6 Zot: 5983    Lair (0/5) D:11
    Orc (1/2) D:11 Zot: 5979

Altars:
Ashenzari
Cheibriados
Dithmenos
Fedhas
Gozag
Hepliaklqana
Kikubaaqudgha
Makhleb
Nemelex Xobeh
Okawaru
Qazlal
Ru
Sif Muna
Trog
Uskayaw
Vehumet
Wu Jian
Xom
Yredelemnul

Shops:
D:1 !   D:11 (=

Annotations:
D:3 1 runed translucent door, Crazy Yiuf

####...
##.^..$.
......## .
......## ..
##.....# #...
#.....>#.....
#..OW.......
#.hW.......
#.#O.......
###......$#
........#
......>..
.$........
...^......
....#.#....


You could see 2 wraiths and 2 ogres.


Message History

There is a staircase to the Orcish Mines, spattered with blood here.
Unknown command.
You gain the combat prowess of a mighty hero. 😎 MP[-2]
You lost 2 mp, and now have 15/17 mp.
You climb downwards.
Welcome back to the Orcish Mines!
Level annotation: Josephine The wraith barely misses you.
The wraith hits you but does no damage.
Josephine screams, "Die!"
Josephine points at you and mumbles some strange words.
The ghostly flame explodes!
The ghostly fireball engulfs you! You partially resist.
You feel drained.
The ghostly fireball engulfs the wraith.
The wraith completely resists.
The ghostly fireball engulfs the wraith.
The wraith completely resists.
The wraith completely misses you. The wraith is struck by your spines.
The wraith closely misses you. x2
You hear a shout! x6
There is a staircase back to the Dungeon here. 😕 HP[-14]
You now have 74 max hp (-2).
You take 14 damage, and now have 62/74 hp.
You punch the wraith! The wraith barely misses you.
The wraith hits you but does no damage. 😕 HP[+2]
You regained 2 hp, and now have 64/74 hp.
You closely miss the wraith. The wraith closely misses you.
The wraith hits you but does no damage.
Josephine completely misses you. 😕 HP[+1] MP[+1]
You punch the wraith! Josephine is struck by your spines.
Josephine closely misses you. The wraith is struck by your spines.
The wraith barely misses you.
An ogre comes into view. It is wielding a +0 giant club.
The wraith hits you but does no damage.
Josephine hits you with a +5 dagger of speed. 😕 HP[-5]
You take 5 damage, and now have 60/74 hp.
You punch Josephine! Your touch misses Josephine.
The wraith is struck by your spines. The wraith barely misses you.
The wraith is struck by your spines. The wraith hits you but does no damage.
Josephine misses you. 😕 HP[+1]
You punch Josephine!
Josephine hits you with a +5 dagger of speed.
The wraith completely misses you. The wraith is struck by your spines.
The wraith hits you! Josephine is struck by your spines.
Josephine misses you. 😮 HP[-16]
You take 16 damage, and now have 45/74 hp.
MASSIVE DAMAGE!! (PAUSE)
You punch Josephine!
You feel yourself speed up. The wraith hits you but does no damage.
The wraith hits you. The wraith drains your vigour!
You feel yourself slow down. Josephine draws life force from you.
Josephine is healed by the life force! 😮 HP[-5]
You take 5 damage, and now have 40/74 hp.
You can now deal lightning-fast blows.
The wraith is struck by your spines.
You destroy the wraith!
Okawaru accepts your kill. The wraith is struck by your spines.
The wraith hits you but does no damage. Josephine draws life force from you!
* * * LOW HITPOINT WARNING * * *
Josephine is healed by the life force!
The ogre is struck by your spines.
The ogre hits you with a +0 giant spiked club!
* * * LOW HITPOINT WARNING * * *
The wraith closely misses you. Josephine is struck by your spines.
Josephine hits you with a +5 dagger of speed!
* * * LOW HITPOINT WARNING * * *
😱 HP[-23] MP[-4]
You now have 75 max hp (+1).
You take 23 damage, and now have 17/75 hp.
MASSIVE DAMAGE!! (PAUSE)
You lost 4 mp, and now have 12/17 mp.
Unknown command.
You barely miss Josephine. 😱 HP[+1] Unknown command.
You feel much better. Josephine draws life force from you.
* * * LOW HITPOINT WARNING * * *
Josephine is healed by the life force!
The wraith closely misses you. The ogre is struck by your spines.
The ogre misses you. Josephine completely misses you.
The ogre hits you with a +0 giant club.
* * * LOW HITPOINT WARNING * * *
The wraith hits you.
* * * LOW HITPOINT WARNING * * *
😨 HP[+16]
You regained 16 hp, and now have 34/75 hp.
Unknown command.
You punch Josephine!
You touch Josephine.
You kill Josephine!
Okawaru accepts your kill.
Your life force feels restored.
You now have 76 max hp (+1).
Unknown command.
You punch the ogre!
The ogre hits you with a +0 giant spiked club!!!
You die...

Skill      XL: |  1  2  3  4  5  6  7  8  9 10 11 12 |
---------------+-------------------------------------+-----
Unarmed Combat | 3 4 5 6 8 9 10 | 10.0
Shapeshifting  | 3 4 5 6 7 9 10 11 12 | 12.3
Dodging        | 4 7 8 |  8.6
Invocations    | 5 7 |  7.0
Fighting       | |  1.0

Action                     |  1- 3 |  4- 6 |  7- 9 | 10-12 || total
---------------------------+-------+-------+-------+-------++-------
  Melee: Unarmed           |    93 |    82 |   166 |   290 ||   631
         Touch             |     7 |    15 |    30 |    59 ||   111
         Punch             |       |     3 |    11 |    22 ||    36
 Invoke: Heroism           |       |       |       |     7 ||     7
         Finesse           |       |       |       |     1 ||     1
  Evoke: Wand              |       |       |       |     4 ||     4
    Use: Potion            |       |       |     3 |     3 ||     6
         Scroll            |       |       |       |     8 ||     8
   Stab: Sleeping          |       |     1 |     2 |     1 ||     4
         Distracted        |       |       |       |     1 ||     1
 Armour: Animal skin       |     8 |       |       |       ||     8
         Robe              |     2 |     6 |    24 |    74 ||   106
         Skin              |       |       |    91 |    18 ||   109
  Dodge: Dodged            |    59 |    44 |    81 |   240 ||   424

Levels and vault maps discovered:
D:1:      ebering_trefoil_3fold, layout_loops_ring, serial_shops,
          nicolae_shop_back_alley_shop, fountainhead
D:2:      minmay_general_purpose_star, layout_basic,
          chequers_ecumenical_altar_simple_redux
D:3:      layout_rooms, mainiacjoe_overflow_alcove_4, nicolae_grassy_gnolls,
          uniq_crazy_yiuf_cottage
D:4:      layout_cave_pods, uniq_robin
D:5:      layout_basic, mainiacjoe_overflow_alcove_1, nicolae_overflow_squiral
D:6:      layout_cave_pods, nemelex_diamond_rough_becter,
          minmay_temple_entry_butterflies
D:7:      layout_gridville
D:8:      layout_basic, mainiacjoe_overflow_six_doors_small,
          lemuel_zombie_altar_kikubaaqudgha, reono_crystal_passage, uniq_erica
D:9:      layout_rooms, zin_academy, uniq_maggie, uniq_pikel
D:10:     layout_loops_cross, mainiacjoe_overflow_catwalk,
          kennysheep_little_box, uniq_maurice
D:11:     layout_irregular_city, erik_lair_island, david_orc_3, serial_shops,
          nicolae_shop_tiny_statue_garden, shop, hangedman_glass_teeth
D:12:     layout_irregular_city
Temple:   nicolae_temple_x_marks_the_god
Orc:1:    layout_diamond_mine, serial_shops, shop, lightli_orcish_oven,
          uniq_josephine, uniq_sonja, uniq_erolcha

Notes
Turn   | Place    | Note
-------+----------+-------------------------------------------
     0 | D:1      | ytrimaz the Demonspawn Shapeshifter began the quest for the
                  | Orb.
     0 | D:1      | Reached XP level 1. HP: 15/15 MP: 1/1
     0 | D:1      | magus.rc [v1.9.6]
   490 | D:1      | HP: 2/15 [hobgoblin (5)]
   597 | D:1      | Found Mojorhext's Distillery.
   601 | D:1      | Bought 2 potions of curing for 60 gold pieces
   666 | D:1      | Reached skill level 3 in Unarmed Combat
   699 | D:1      | Gained mutation: Your touch may inflict minor irresistible
                  | damage on your foes. [demonic ancestry]
   699 | D:1      | Reached XP level 2. HP: 9/21 MP: 2/2
   924 | D:2      | Reached skill level 3 in Shapeshifting
  1093 | D:2      | Gained mutation: You are partially covered in sharp spines.
                  | [demonic ancestry]
  1093 | D:2      | Reached XP level 3. HP: 14/26 MP: 3/3
  1188 | D:2      | You add the spells Ozocubu's Armour and Ozocubu's
                  | Refrigeration to your library.
  1202 | D:2      | You pick up a book of Displacement and begin reading...
  1202 | D:2      | You add the spells Lesser Beckoning, Gell's Gravitas and
                  | Teleport Other to your library.
  1247 | D:2      | Identified the +0 robe of Dishonesty {rN+ SInv Archmagi}
  1273 | D:2      | Found a faded altar of an unknown god.
  1312 | D:1      | Bought a potion of heal wounds for 50 gold pieces
  1944 | D:3      | Gained mutation: You are partially covered in razor-sharp
                  | scales. (AC +1, Slay +1) [demonic ancestry]
  1944 | D:3      | Reached XP level 4. HP: 22/32 MP: 4/4
  2227 | D:3      | HP: 6/32 [orc priest/divine providence (16)]
  2340 | D:3      | Reached skill level 4 in Unarmed Combat
  2384 | D:3      | Reached skill level 4 in Shapeshifting
  2384 | D:3      | Reached XP level 5. HP: 26/37 MP: 5/5
  2581 | D:3      | Identified the +10 hammer of Grontol {flame, Int+2}
  2586 | D:3      | Found a runed translucent door.
  2587 | D:3      | Noticed Crazy Yiuf
  2667 | D:3      | Found an ornate altar of the Wu Jian Council.
  2797 | D:4      | Noticed an ogre
  2803 | D:4      | Killed an ogre
  2969 | D:4      | Gained mutation: You are mostly covered in razor-sharp
                  | scales. (AC +2, Slay +2) [demonic ancestry]
  2969 | D:4      | Reached XP level 6. HP: 21/43 MP: 6/6
  3136 | D:4      | Noticed an ice beast
  3144 | D:4      | Reached skill level 5 in Unarmed Combat
  3144 | D:4      | Killed an ice beast
  3270 | D:4      | Reached skill level 5 in Shapeshifting
  3438 | D:4      | Noticed Robin
  3457 | D:4      | Killed Robin
  3458 | D:4      | Reached XP level 7. HP: 45/48 MP: 7/7
  3809 | D:5      | Entered Level 5 of the Dungeon
  3865 | D:5      | HP: 16/72 [ogre/+0 giant club (21)]
  3870 | D:5      | HP: 17/72 [orc/+0 hand axe (1)]
  3871 | D:5      | Reached skill level 6 in Unarmed Combat
  3871 | D:5      | HP: 8/72 [orc wizard/magic dart (9)]
  4119 | D:5      | Reached skill level 6 in Shapeshifting
  4260 | D:5      | Found a hazy altar of Hepliaklqana.
  4284 | D:5      | Found a blossoming altar of Fedhas.
  4286 | D:5      | Found a broken altar of Ashenzari.
  4420 | D:5      | Gained mutation: You are mostly covered in sharp spines.
                  | [demonic ancestry]
  4420 | D:5      | Reached XP level 8. HP: 54/54 MP: 8/8
  4813 | D:6      | Found a staircase to the Ecumenical Temple.
  4847 | Temple   | Entered the Ecumenical Temple
  4856 | Temple   | Became a worshipper of Warmaster Okawaru
  4891 | D:6      | Reached skill level 7 in Unarmed Combat
  5009 | D:6      | Found a sparkling altar of Nemelex Xobeh.
  5052 | D:6      | Reached skill level 7 in Shapeshifting
  5351 | D:6      | Reached * piety under Okawaru
  5352 | D:6      | Reached skill level 8 in Unarmed Combat
  5929 | D:7      | Gained mutation: Your touch may inflict irresistible damage
                  | on your foes. [demonic ancestry]
  5929 | D:7      | Reached XP level 9. HP: 59/59 MP: 9/9
  6220 | D:7      | Reached skill level 8 in Shapeshifting
  6308 | D:8      | Reached ** piety under Okawaru
  6367 | D:8      | Reached skill level 9 in Unarmed Combat
  6542 | D:8      | Reached *** piety under Okawaru
  6543 | D:8      | Reached skill level 9 in Shapeshifting
  6546 | D:8      | Reached XP level 10. HP: 38/65 MP: 10/10
  6716 | D:8      | Noticed Erica
  6727 | D:8      | Killed Erica
  6728 | D:8      | Reached skill level 10 in Unarmed Combat
  6751 | D:8      | Reached **** piety under Okawaru
  6756 | D:8      | Reached skill level 2 in Dodging
  6814 | D:8      | Reached skill level 10 in Shapeshifting
  6874 | D:8      | Found a sacrificial altar of Ru.
  7016 | D:8      | Found an ancient bone altar of Kikubaaqudgha.
  7177 | D:9      | Noticed a two-headed ogre
  7178 | D:9      | Noticed Maggie
  7188 | D:8      | Reached skill level 1 in Invocations
  7257 | D:9      | Noticed Pikel
  7264 | D:9      | Killed Pikel
  7265 | D:9      | Reached skill level 3 in Dodging
  7265 | D:9      | Reached skill level 2 in Invocations
  7436 | D:9      | Reached skill level 3 in Invocations
  7541 | D:9      | Reached skill level 4 in Dodging
  7541 | D:9      | Reached skill level 4 in Invocations
  7556 | D:9      | Reached ***** piety under Okawaru
  7559 | D:9      | Reached skill level 5 in Invocations
  7559 | D:9      | Reached XP level 11. HP: 43/70 MP: 14/14
  7631 | D:9      | Killed Maggie
  7742 | D:9      | Killed a two-headed ogre
  7874 | D:10     | Entered Level 10 of the Dungeon
  7879 | D:10     | Reached skill level 5 in Dodging
  7954 | D:10     | Noticed Maurice
  8078 | D:10     | Found a hide-covered altar of Uskayaw.
  8086 | D:10     | Reached skill level 6 in Invocations
  8670 | D:11     | Noticed a cyan ugly thing
  8718 | D:10     | Killed Maurice
  8847 | D:11     | Reached skill level 11 in Shapeshifting
  8869 | D:11     | Reached skill level 7 in Invocations
  8979 | D:11     | Killed a cyan ugly thing
  8979 | D:11     | Identified the +1 scale mail of the Great Game {rElec
                  | Str+3} (Okawaru gifted it to you on level 11 of the
                  | Dungeon)
  8979 | D:11     | Received a gift from Okawaru
  8980 | D:11     | Reached skill level 6 in Dodging
  9051 | D:11     | Found a staircase to the Orcish Mines.
  9092 | D:11     | Identified the +0 pair of boots of Courage {+Blink Dex+3}
  9101 | D:11     | Found a staircase to the Lair.
  9261 | D:11     | HP: 3/70 [ice devil[a kobold demonologist] (17)]
  9310 | D:11     | Noticed a two-headed ogre
  9322 | D:11     | Killed a two-headed ogre
  9323 | D:11     | Reached skill level 7 in Dodging
  9412 | D:11     | Found Sali's Jewellery Boutique.
  9584 | D:11     | Found Pirgh's Weapon Boutique.
  9732 | D:12     | You add the spells Alistair's Intoxication, Borgnjor's Vile
                  | Clutch and Eringya's Noxious Bog to your library.
  9917 | D:12     | Reached XP level 12. HP: 75/76 MP: 17/17
  9999 | D:12     | Reached skill level 12 in Shapeshifting
 10147 | D:12     | Reached skill level 8 in Dodging
 10559 | Orc:1    | Entered Level 1 of the Orcish Mines
 10560 | Orc:1    | Noticed Josephine
 10593 | Orc:1    | HP: 17/74 [Josephine/+5 dagger of speed (8)]
 10596 | Orc:1    | Killed Josephine
 10597 | Orc:1    | Slain by an ogre

Vanquished Creatures
  Josephine (Orc:1)
  Erica (D:8)
  2 two-headed ogres
  Pikel (D:9)
  2 ugly things
  2 manticores
  2 gargoyles (D:11)
  Maurice (D:10)
  A kobold demonologist (D:11)
  Maggie (D:9)
  A komodo dragon (D:10)
  6 trolls
  A hornet (D:8)
  A vampire (D:10)
  A shadow (D:11)
  24 yaks
  4 wraiths
  3 wyverns
  8 vampire mosquitoes
  A steam dragon (D:8)
  A warg (D:11)
  2 water moccasins
  An acid dragon (D:10)
  5 black bears
  4 sky beasts
  3 ice beasts
  An orc warrior (D:10)
  2 wolves (D:11)
  3 ogres
  11 centaurs
  A phantom (D:7)
  3 bullfrogs
  A gnoll sergeant (D:11)
  4 scorpions
  5 wights (D:9)
  3 killer bees (D:8)
  5 howler monkeys
  2 electric eels (D:11)
  7 hounds
  A jelly (D:7)
  A gnoll bouda (D:7)
  6 orc priests
  3 iguanas
  A sleepcap (D:5)
  8 orc wizards
  Robin (D:4)
  15 gnolls
  7 adders
  3 shadow imps
  2 white imps
  An ufetubus (D:5)
  3 worms
  3 dart slugs
  19 orcs
  5 ball pythons
  2 bat zombies (D:8)
  7 endoplasms
  4 giant cockroaches
  15 goblins
  8 hobgoblins
  2 quokkas
  3 bats
  A frilled lizard (D:3)
  8 kobolds
  3 rats
  A rat zombie (D:8)
261 creatures vanquished.

Vanquished Creatures (others)
  A lemure (D:9)
1 creature vanquished.

Grand Total: 262 creatures vanquished

Table legend:
 A = Non-vault XP
 B = Vault XP
 C = Vault XP percentage of total XP
 D = Non-vault monster count
 E = Vault monster count
 F = Vault count percentage of total count
                 A         B        C        D         E       F
            +---------+---------+-------+---------+---------+-------
      Total |   21447 |    5064 |  19.1 |     215 |      46 |  17.6
            +---------+---------+-------+---------+---------+-------
        D:1 |      13 |       0 |   0.0 |       7 |       0 |   0.0
        D:2 |      51 |       7 |  12.1 |      22 |       4 |  15.4
        D:3 |     115 |      43 |  27.2 |      21 |       3 |  12.5
        D:4 |     480 |      35 |   6.8 |      13 |      11 |  45.8
        D:5 |     750 |       0 |   0.0 |      15 |       0 |   0.0
        D:6 |    1129 |       0 |   0.0 |      16 |       0 |   0.0
        D:7 |     967 |       0 |   0.0 |      15 |       0 |   0.0
        D:8 |    3437 |     852 |  19.9 |      27 |       4 |  12.9
        D:9 |    3457 |    1032 |  23.0 |      21 |       2 |   8.7
       D:10 |    2091 |     433 |  17.2 |      15 |       1 |   6.2
       D:11 |    5898 |    1542 |  20.7 |      29 |      19 |  39.6
       D:12 |    3059 |       0 |   0.0 |      14 |       0 |   0.0
      Orc:1 |       0 |    1120 | 100.0 |       0 |       2 | 100.0
            +---------+---------+-------+---------+---------+-------

Skill      XL: |  1  2  3  4  5  6  7  8  9 10 11 12 |
---------------+-------------------------------------+-----
Unarmed Combat | 3 4 5 6 8 9 10 | 10.0
Shapeshifting  | 3 4 5 6 7 9 10 11 12 | 12.3
Dodging        | 4 7 8 |  8.6
Invocations    | 5 7 |  7.0
Fighting       | |  1.0

Action                     |  1- 3 |  4- 6 |  7- 9 | 10-12 || total
---------------------------+-------+-------+-------+-------++-------
  Melee: Unarmed           |    93 |    82 |   166 |   290 ||   631
         Touch             |     7 |    15 |    30 |    59 ||   111
         Punch             |       |     3 |    11 |    22 ||    36
 Invoke: Heroism           |       |       |       |     7 ||     7
         Finesse           |       |       |       |     1 ||     1
  Evoke: Wand              |       |       |       |     4 ||     4
    Use: Potion            |       |       |     3 |     3 ||     6
         Scroll            |       |       |       |     8 ||     8
   Stab: Sleeping          |       |     1 |     2 |     1 ||     4
         Distracted        |       |       |       |     1 ||     1
 Armour: Animal skin       |     8 |       |       |       ||     8
         Robe              |     2 |     6 |    24 |    74 ||   106
         Skin              |       |       |    91 |    18 ||   109
  Dodge: Dodged            |    59 |    44 |    81 |   240 ||   424

Illustrated notes

Table legend:
 A = Kills in this place as a percentage of kills in the entire game.
 B = Kills by you in this place as a percentage of kills by you in the entire game.
 C = Kills by friends in this place as a percentage of kills by friends in the entire game.
 D = Other kills in this place as a percentage of other kills in the entire game.
 E = Experience gained in this place as a percentage of experience gained in the entire game.
 F = Experience gained in this place divided by the number of levels of this place that you have seen.
                   A       B       C       D       E      F
               +-------+-------+-------+-------+-------+----------------------
         Total | 100.0 | 100.0 |   N/A |   N/A | 100.0 | 1893.6
       Dungeon |  99.2 |  99.2 |   N/A |   N/A |  95.8 | 2115.9
  Orcish Mines |   0.8 |   0.8 |   N/A |   N/A |   4.2 | 1120.0
               +-------+-------+-------+-------+-------+----------------------

Table legend: (Time is in decaauts)
 A = Elapsed time spent in this place.
 B = Non-inter-level travel time spent in this place.
 C = Inter-level travel time spent in this place.
 D = Time resting spent in this place.
 E = Time spent auto-exploring this place.
 F = Levels seen in this place.
 G = Mean time per level.
                   A        B        C        D        E       F      G
               +--------+--------+--------+--------+--------+-----+--------+
         Total |  10518 |  10062 |    456 |    705 |   7522 |  14 |  751.3 |
       Dungeon |  10481 |  10032 |    449 |    705 |   7522 |  12 |  873.4 |
        Temple |     16 |     10 |      6 |      0 |      0 |   1 |   16.0 |
  Orcish Mines |     20 |     20 |      0 |      0 |      0 |   1 |   20.0 |
               +--------+--------+--------+--------+--------+-----+--------+

Top non-repeatable levels by time:
     D:2: 1181 daAuts
    D:11: 1112 daAuts
     D:4: 1007 daAuts
     D:6: 993 daAuts
     D:8: 983 daAuts
     D:1: 967 daAuts
     D:5: 857 daAuts
    D:10: 836 daAuts
    D:12: 728 daAuts
     D:3: 642 daAuts
     D:9: 611 daAuts
     D:7: 559 daAuts
   Orc:1: 20 daAuts
  Temple: 16 daAuts
